Map: Blackpink LE

Players

Kir

  • Race: Protoss Protoss
  • League: Platinum
  • Spawn Location: 1:00

Hayes - Winner!

  • Race: Zerg Zerg
  • League: Platinum
  • Spawn Location: 7:00

VOD

Have the link to the VOD?

Description

This was the last replay that I had saved. I also believe that it is from last season.
#Amotokai

Time

  • Played on: Jan. 11, 2018, 3:14 p.m.
  • Length: 22:16
Show
View Real Time Build Order
Export as new Build Order

Kir Protoss 

Build Orders: 1 Gate Expand, Oracle Opening 

Get SALT Encoding   

  12  0:01  Probe  
  13  0:13  Probe  
  14  0:23  Pylon  
  14  0:27  Probe  
  15  0:41  Probe  
  16  0:46  Gateway  
  16  0:52  Assimilator  
  16  0:54  Probe  
  17  1:06  Probe  
  18  1:18  Probe  
  19  1:32  Probe  
  20  1:34  Nexus  
  20  1:44  Probe  
  21  1:52  Cybernetics Core  
  21  1:58  Probe  
  22  2:03  Assimilator  
  22  2:10  Pylon  
  22  2:11  Probe (Chrono Boost)  
  23  2:27  Probe  
  24  2:39  Probe  
  25  2:44  Stargate  
  25  2:48  Adept (Chrono Boost)  
  25  2:49  Probe (Chrono Boost)  
  25  2:50  Warp Gate  
  28  2:55  Probe (Chrono Boost)  
  30  3:05  Probe (Chrono Boost)  
  30  3:09  Probe (Chrono Boost)  
  31  3:13  Gateway  
  31  3:20  Probe  
  31  3:23  Sentry  
  31  3:25  Probe  
  35  3:32  Oracle (Chrono Boost)  
  35  3:33  Probe  
  36  3:35  Gateway x2  
  39  3:48  Probe  
  40  3:59  Probe  
  40  4:00  Probe  
  42  4:05  Pylon  
  42  4:08  Adept x2  
  46  4:21  Pylon  
  46  4:22  Phoenix  
  46  4:23  Probe x2  
  50  4:35  Probe  
  51  4:49  Probe  
  52  4:57  Void Ray  
  56  5:03  Probe x2  
  57  5:09  Pylon  
  57  5:12  Sentry x2  
  61  5:16  Probe  
  61  5:17  Gateway  
  61  5:18  Gateway  
  61  5:19  Pylon  
  62  5:22  Assimilator  
  62  5:25  Assimilator  
  62  5:27  Probe  
  63  5:35  Probe  
  63  5:38  Nexus  
  63  5:39  Probe  
  63  5:40  Stalker  
  67  5:49  Adept x2  
  71  5:50  Adept  
  71  5:51  Void Ray  
  77  5:58  Pylon  
  77  5:59  Pylon  
  77  6:21  Stalker  
  77  6:22  Stalker  
  77  6:23  Stalker  
  80  6:26  Probe x2  
  82  6:44  Pylon  
  82  6:45  Probe x2  
  82  6:47  Pylon  
  84  6:48  Forge  
  84  6:49  Forge  
  84  6:52  Zealot x2  
  84  6:53  Zealot x2  
  92  6:54  Stalker  
  92  6:56  Stalker  
  96  7:04  Probe x3  
  99  7:16  Probe, Adept  
  99  7:17  Robotics Facility  
  99  7:22  Probe x2  
  104  7:23  Shield Battery  
  104  7:27  Shield Battery  
  104  7:52  Zealot x3  
  104  7:53  Zealot x3  
  104  7:54  Probe x3  
  107  8:00  Photon Cannon  
  107  8:02  Photon Cannon  
  83  8:10  Protoss Ground Weapons Level 1 (Chrono Boost)  
  83  8:11  Probe x2  
  79  8:21  Stalker x4  
  79  8:22  Stalker  
  79  8:23  Stalker  
  89  8:32  Immortal (Chrono Boost)  
  88  8:46  Stalker  
  88  8:47  Stalker  
  88  8:48  Stalker  
  91  8:54  Stalker x3  
  81  8:55  Stalker x2  
  81  8:56  Stalker  
  80  9:07  Immortal  
  76  9:25  Probe, Twilight Council  
  76  9:30  Probe x2  
  79  9:43  Probe  
  80  9:47  Twilight Council  
  80  9:48  Protoss Ground Armor Level 1 (Chrono Boost)  
  80  9:55  Zealot x2  
  80  9:57  Zealot x3  
  80  9:58  Zealot  
  92  10:14  Probe x2  
  94  10:16  Protoss Ground Weapons Level 2 (Chrono Boost)  
  94  10:18  Charge (Chrono Boost), Immortal  
  98  10:23  Probe  
  98  10:26  Probe  
  100  10:30  Probe  
  100  10:31  Robotics Bay  
  101  10:38  Zealot x3  
  101  10:39  Zealot  
  109  10:58  Pylon  
  109  10:59  Pylon  
  109  11:01  Pylon  
  109  11:16  Probe x2  
  111  11:26  Gateway  
  111  11:29  Gateway  
  111  11:34  Extended Thermal Lance  
  111  11:38  Zealot  
  113  11:41  Zealot x3  
  113  11:42  Zealot x2  
  113  11:46  Colossus (Chrono Boost)  
  123  11:49  Templar Archives  
  129  11:54  Probe  
  129  11:59  Shield Battery  
  129  12:01  Shield Battery  
  130  12:03  Assimilator  
  130  12:05  Assimilator  
  130  12:08  Protoss Ground Armor Level 2 (Chrono Boost)  
  130  12:16  Nexus  
  130  12:25  Probe, Psionic Storm  
  130  12:29  Photon Cannon  
  131  12:31  Photon Cannon  
  131  12:32  Photon Cannon  
  131  12:41  High Templar  
  133  12:53  Pylon  
  133  12:56  Pylon x2  
  133  12:59  Pylon x2  
  133  13:02  Pylon  
  133  13:04  Pylon  
  133  13:10  Colossus (Chrono Boost)  
  139  13:12  High Templar  
  139  13:16  High Templar x4  
  149  13:20  Probe x3  
  149  13:26  Assimilator  
  152  13:29  Fleet Beacon  
  152  13:30  Protoss Ground Weapons Level 3 (Chrono Boost)  
  152  13:32  Probe x2  
  154  13:54  Zealot x6  
  154  13:55  Zealot  
  168  13:56  Zealot  
  168  13:57  Observer (Chrono Boost)  
  168  14:01  Probe x2  
  173  14:09  Observer Gravitic Boosters  
  173  14:16  High Templar x4  
  181  14:20  Archon x2  
  181  14:32  Probe x2, Shield Battery  
  181  14:35  Shield Battery  
  155  14:57  Archon x3  
  155  15:00  Zealot x2  
  155  15:01  Zealot x3  
  155  15:02  Zealot x2  
  155  15:03  Zealot  
  171  15:07  Warp Prism  
  123  15:44  High Templar x4  
  123  15:47  Zealot x4  
  123  15:48  Colossus (Chrono Boost)  
  123  15:49  Probe x3  
  114  16:04  Probe x2  
  114  16:08  Assimilator  
  116  16:11  Protoss Ground Armor Level 3 (Chrono Boost)  
  116  16:22  High Templar  
  116  16:24  High Templar x3  
  116  16:25  High Templar  
  126  16:29  Archon x2  
  126  16:44  Colossus (Chrono Boost)  
  132  16:53  Zealot x2  
  136  16:55  Zealot x2  
  140  17:24  Zealot  
  140  17:25  Zealot x3  
  140  17:26  Zealot x2  
  140  17:27  Zealot x2  
  140  17:28  Nexus  
  156  17:38  Probe x3, Carrier (Chrono Boost)  
  165  17:48  Immortal  
  165  17:50  Zealot x3  
  175  17:51  Zealot x2  
  175  17:52  Zealot x2  
  175  17:53  Zealot  
  185  18:02  Pylon  
  185  18:04  Pylon  
  185  18:07  Pylon  
  159  18:37  Immortal  
  161  18:43  High Templar x4  
  161  18:44  High Templar x2  
  161  18:47  Archon  
  161  18:48  Archon x2  
  103  19:18  Zealot x2  
  103  19:19  Zealot x3  
  103  19:20  Zealot x2  
  103  19:21  Zealot  
  103  19:23  Carrier (Chrono Boost)  
  110  19:31  Colossus  
  113  19:42  High Templar x2  
  113  19:43  High Templar x2  
  121  19:54  Nexus  
  121  19:58  Pylon  
  121  19:59  Pylon  
  121  20:04  Nexus  
  121  20:09  Zealot x2  
  125  20:14  Zealot  
  125  20:15  Zealot x2  
  125  20:16  Zealot  
  125  20:17  Zealot x2  
  137  20:27  Shield Battery  
  137  20:29  Shield Battery  
  137  20:31  Pylon  
  137  20:33  Pylon  
  137  20:34  Stalker x2  
  141  20:40  Carrier  
  141  20:42  Immortal  
  151  20:50  Zealot x3  
  151  20:51  Zealot x3  
  112  21:35  Immortal  
  84  21:42  Stalker  
  84  21:44  Stalker  
  84  21:48  Stalker x4  
  84  21:49  Stalker  
Show
View Real Time Build Order
Export as new Build Order

Hayes Zerg - Winner!

Build Orders: Hatch First 

Get SALT Encoding   

  12  0:03  Drone  
  13  0:14  Overlord  
  13  0:19  Drone  
  14  0:33  Drone  
  14  0:34  Drone  
  16  0:37  Drone  
  17  0:55  Hatchery  
  16  0:58  Drone  
  17  1:17  Extractor  
  17  1:18  Drone  
  17  1:24  Spawning Pool  
  17  1:25  Drone x2  
  17  1:31  Drone  
  19  1:42  Overlord  
  19  1:58  Overlord  
  19  2:13  Drone, Zergling x2  
  19  2:14  Zergling x2  
  22  2:17  Queen  
  22  2:18  Queen  
  22  2:19  Metabolic Boost  
  26  2:38  Drone x2, Zergling x4  
  30  2:48  Drone x2  
  32  3:02  Drone x2  
  32  3:03  Hatchery  
  33  3:12  Drone x3  
  36  3:20  Roach Warren  
  36  3:24  Overlord  
  35  3:31  Drone  
  35  3:32  Drone, Zergling x2  
  38  3:44  Extractor  
  38  3:45  Drone x3  
  38  3:47  Drone  
  42  3:48  Drone  
  42  3:55  Overlord  
  42  4:00  Roach  
  42  4:01  Roach x2  
  48  4:03  Drone x2  
  50  4:10  Lair  
  50  4:12  Drone  
  51  4:18  Queen  
  51  4:24  Drone x3  
  55  4:29  Extractor  
  54  4:39  Spore Crawler  
  54  4:44  Spore Crawler  
  50  4:49  Drone  
  50  4:51  Drone  
  50  4:52  Drone x2  
  54  4:53  Drone x2  
  54  4:54  Drone  
  54  4:55  Roach x3  
  54  4:56  Roach  
  65  5:00  Overlord  
  65  5:09  Evolution Chamber  
  65  5:11  Evolution Chamber  
  63  5:15  Drone  
  63  5:16  Hydralisk Den  
  63  5:19  Extractor  
  63  5:20  Overlord  
  62  5:22  Drone x3  
  65  5:36  Drone  
  65  5:38  Queen  
  65  5:40  Zerg Missile Weapons Level 1  
  65  5:42  Zerg Ground Armor Level 1  
  68  5:43  Overlord  
  68  5:50  Overlord x2  
  68  6:01  Hydralisk x3  
  74  6:08  Overlord  
  74  6:11  Drone x2  
  76  6:19  Drone  
  76  6:20  Drone x5  
  82  6:32  Drone x5  
  87  6:33  Drone x3  
  90  6:41  Muscular Augments  
  90  6:43  Glial Reconstitution  
  90  6:54  Infestation Pit  
  89  6:56  Overlord  
  89  6:57  Overlord x2  
  89  7:07  Extractor  
  88  7:08  Extractor  
  87  7:23  Hydralisk  
  87  7:24  Hydralisk x7  
  87  7:25  Hydralisk x4  
  106  8:06  Hatchery  
  106  8:10  Zerg Missile Weapons Level 2  
  106  8:11  Zerg Ground Armor Level 2  
  104  8:14  Hatchery  
  103  8:20  Hydralisk  
  103  8:21  Roach  
  103  8:22  Overlord  
  103  8:23  Overlord  
  103  8:24  Overlord x2  
  107  8:27  Hive  
  92  8:51  Roach, Hydralisk x4  
  92  8:52  Roach x3  
  98  9:12  Hydralisk x3  
  98  9:13  Roach x2  
  86  9:26  Queen  
  86  9:28  Hydralisk  
  86  9:29  Roach x2, Hydralisk  
  86  9:30  Roach  
  96  9:54  Queen  
  96  9:58  Viper x2  
  104  10:23  Hydralisk x3  
  104  10:24  Roach x3, Hydralisk  
  104  10:25  Roach  
  120  10:33  Drone x2  
  120  10:34  Drone  
  123  10:35  Drone  
  123  10:36  Drone x2  
  123  10:38  Drone  
  123  10:39  Drone x2  
  123  10:40  Drone x2  
  131  10:48  Zerg Missile Weapons Level 3  
  131  10:58  Extractor  
  131  11:00  Extractor  
  131  11:01  Drone x3  
  131  11:03  Drone x3  
  135  11:06  Drone x3  
  135  11:07  Drone x6  
  144  11:38  Drone  
  144  11:39  Overlord, Hydralisk  
  147  11:40  Hydralisk  
  147  11:41  Roach  
  147  11:42  Overlord  
  147  11:43  Overlord  
  147  11:44  Overlord  
  151  11:49  Overseer x3  
  151  11:52  Zerg Ground Armor Level 3  
  151  12:11  Viper x3  
  151  12:12  Hydralisk  
  151  12:13  Hydralisk x6  
  151  12:14  Hydralisk  
  176  12:43  Drone  
  177  12:47  Overlord x3  
  177  12:48  Hydralisk  
  177  12:49  Hydralisk x2  
  183  13:20  Ultralisk Cavern  
  183  13:22  Hatchery  
  183  13:24  Drone  
  182  13:27  Hydralisk  
  182  13:28  Hydralisk x8  
  200  14:16  Chitinous Plating  
  149  14:52  Roach x3  
  97  14:53  Roach x9, Hydralisk x5  
  97  14:54  Hydralisk x6  
  97  14:55  Roach x2  
  97  14:56  Roach x10  
  97  14:57  Viper  
  97  14:58  Viper x5  
  175  15:02  Hydralisk x4  
  175  15:03  Hydralisk  
  185  15:13  Hatchery  
  184  15:24  Hydralisk x2  
  184  15:25  Hydralisk  
  141  15:43  Hydralisk x5  
  141  15:44  Hydralisk x8  
  141  15:45  Hydralisk  
  141  15:46  Hydralisk  
  141  15:48  Hydralisk  
  155  15:52  Zergling x2  
  155  15:53  Zergling x20  
  155  15:54  Zergling x16  
  168  16:08  Hydralisk  
  168  16:09  Hydralisk x5  
  180  16:13  Queen  
  180  16:15  Extractor  
  181  16:18  Drone, Extractor  
  181  16:19  Drone x2  
  181  16:20  Drone x2  
  181  16:21  Drone  
  181  16:24  Overlord x3  
  186  16:28  Overseer x2  
  186  16:29  Overseer x2  
  186  16:38  Queen  
  184  16:54  Hydralisk  
  184  16:55  Hydralisk x2  
  184  16:57  Ultralisk x2  
  188  17:05  Pneumatized Carapace  
  188  17:09  Ultralisk  
  194  17:45  Hydralisk x2  
  118  19:22  Ultralisk x4  
  118  19:23  Ultralisk  
  146  19:24  Viper x2  
  146  19:25  Viper x2  
  146  19:27  Hydralisk x3, Viper  
  146  19:28  Hydralisk x9  
  164  20:08  Hatchery  
  164  20:12  Hydralisk, Ultralisk x2  
  164  20:13  Hydralisk x4  
  164  20:14  Hydralisk x7  
  185  20:20  Hatchery  
  147  21:47  Hydralisk  
  147  21:48  Hydralisk x7  
  147  21:49  Hydralisk x6  
  147  21:50  Hydralisk x8  
  147  21:51  Hydralisk x4  
Tags
 
Add a new tag
Caveats
  • Supply blocks, unpowered buildings, or Contaminate may cause inaccurate times.
  • Supply counts are checked every 10 seconds.